 Dungeon Crawl Stone Soup version 0.22-a0-570-g58866f5 (webtiles) character file.

662 royokou the Destroyer (level 7, -3/36 HPs)
             Began as a Deep Elf Conjurer on June 30, 2018.
             Slain by an ogre
             ... wielding a +0 giant spiked club
              (29 damage)
             ... on level 5 of the Dungeon.
             The game lasted 00:19:47 (3803 turns).

royokou the Destroyer (Deep Elf Conjurer)           Turns: 3803, Time: 00:19:47

Health: -3/36      AC:  3    Str:  6    XL:     7   Next: 30%
Magic:  4/18       EV: 12    Int: 21    God:
Gold:   282        SH:  0    Dex: 15    Spells: 9/19 levels left

rFire    + . .     SeeInvis .   B - +1 short sword (speed)
rCold    x . .     Gourm    .   (no shield)
rNeg     . . .     Faith    .   A - +0 leather armour
rPois    .         Spirit   .   (no helmet)
rElec    .         Reflect  .   (no cloak)
rCorr    .         Harm     .   (no gloves)
MR       .....                  (no boots)
Stlth    +.........             (no amulet)
HPRegen  0.12/turn              g - ring of fire
MPRegen  0.16/turn              (no ring)

@: very slow
A: no striking features
a: no special abilities


You were on level 5 of the Dungeon.
You were hungry.

You visited 1 branch of the dungeon, and saw 5 of its levels.

You collected 282 gold pieces.

Inventory:

Hand Weapons
 d - a +1 dagger
 t - a +0 short sword
 y - a +0 short sword of electrocution
 B - a +1 short sword of speed (weapon)
Armour
 a - a +0 robe
 e - a +0 leather armour
 i - a +0 leather armour
 k - a +2 hat
 p - a +0 leather armour
 r - a +0 scale mail
 w - a +0 ring mail
 z - a +0 leather armour
 A - a +0 leather armour (worn)
 E - a +2 hat
Jewellery
 f - an uncursed amulet of guardian spirit
 g - a ring of fire (left hand)
Wands
 u - a wand of polymorph (17)
 D - a wand of enslavement (17)
Scrolls
 n - 3 scrolls of remove curse
 C - a scroll of blinking
 F - a scroll of enchant weapon
 H - a scroll of fear
Potions
 b - a potion of heal wounds
 h - a potion of mutation
 j - 2 potions of agility
 l - a potion of brilliance
 m - 2 potions of flight
 o - 3 potions of curing
 q - a potion of lignification
 s - a potion of resistance {unknown}
 v - 2 potions of might {unknown}
 x - a potion of degeneration {unknown}
Comestibles
 c - 12 rations


   Skills:
 - Level 2.6 Dodging
 - Level 2.5 Stealth
 + Level 6.5 Spellcasting
 * Level 8.4 Conjurations


You had 9 spell levels left.
You knew the following spells:

 Your Spells              Type           Power        Failure   Level  Hunger
a - Magic Dart            Conj           ####         1%          1    None
b - Searing Ray           Conj           #####.       1%          2    None
c - Dazzling Spray        Conj/Hex       ###...       8%          3    #......
d - Iskenderun's Mystic   Conj           #####...     4%          4    ###....

Your spell library contained the following spells:

 Spells                   Type           Power        Failure   Level  Hunger
 Fulminant Prism          Conj/Hex       ###.......   26%         4    ###....
 Force Lance              Conj/Tloc      ###.....     26%         4    ###....


Dungeon Overview and Level Annotations

Branches:
Dungeon (5/15)             Temple (0/1) D:5

Altars:
Ashenzari


Message History

Aim: an ogre, wielding a giant spiked club (moderately wounded)
Okay, then.
You enter the shallow water.
Moving in this stuff is going to be slow.
A crimson imp comes into view.
The crimson imp shouts!
The crimson imp grinds its teeth.
Casting: Iskenderun's Mystic Blast (safe; 4% risk of failure)
Confirm with . or Enter, or press ? or * to list all spells.
Aiming: Searing Ray (safe; 1% risk of failure)
Press: ? - help, Shift-Dir - straight line, f/p - ogre
Aim: an ogre, wielding a giant spiked club (moderately wounded)
The searing ray misses the ogre. (Press . to maintain the ray.)
The ogre hits you with a giant spiked club!
The searing ray hits the ogre.
The ogre is moderately wounded.
The ogre hits you with a giant spiked club!!
Ouch! That really hurt!
You die...

.# #.#### .#
#####....##...... ...
#..≈§≈.....#.........
####.≈≈§≈≈..........<...
....≈≈≈≈§§≈.............
....≈§≈>≈§§...##..#.....
....§≈§@O§§.............
.....≈≈§≈≈....###.....#.
......≈≈§...............
....5......^..##......#.
..............###..[.†#
..............# #..).<#
...........#### #<....#
..........## #######
##########


You could see an ogre and a crimson imp.

Vanquished Creatures
  An ogre (D:4)
  A scorpion (D:4)
  2 hounds (D:4)
  2 orc priests (D:3)
  A centaur skeleton (D:5)
  Ijyb (D:4)
  4 orc wizards
  2 worker ants (D:4)
  4 gnolls (D:3)
  3 adders (D:3)
  A shadow imp (D:5)
  An ooze (D:2)
  4 worms
  2 dart slugs (D:1)
  A leopard gecko (D:2)
  17 orcs
  12 bats
  8 giant cockroaches
  7 goblins
  8 hobgoblins
  5 jackals
  A quokka (D:4)
  6 frilled lizards
  7 kobolds
  3 rats
104 creatures vanquished.

Notes
Turn   | Place    | Note
-------+----------+-------------------------------------------
     0 | D:1      | royokou the Deep Elf Conjurer began the quest for the Orb.
     0 | D:1      | Reached XP level 1. HP: 10/10 MP: 6/6
   129 | D:1      | Reached XP level 2. HP: 13/15 MP: 0/8
   133 | D:1      | Learned a level 2 spell: Searing Ray
   250 | D:1      | Reached skill level 5 in Conjurations
   671 | D:1      | Upgraded the game from 0.22-a0-568-g270d1ae to 0.22-a0-570-g58866f5
   671 | D:1      | Reached XP level 3. HP: 19/19 MP: 6/9
  1138 | D:2      | Learned a level 3 spell: Dazzling Spray
  1512 | D:2      | Reached XP level 4. HP: 24/24 MP: 7/11
  1682 | D:3      | Learned a level 4 spell: Iskenderun's Mystic Blast
  1877 | D:3      | Reached skill level 6 in Conjurations
  2044 | D:3      | Reached XP level 5. HP: 28/28 MP: 9/13
  2065 | D:3      | Found a shattered altar of Ashenzari.
  2655 | D:4      | Reached skill level 5 in Spellcasting
  2655 | D:4      | Reached skill level 7 in Conjurations
  2655 | D:4      | Reached XP level 6. HP: 32/32 MP: 6/15
  3078 | D:4      | Noticed Ijyb
  3082 | D:4      | Killed Ijyb
  3489 | D:4      | Reached skill level 8 in Conjurations
  3547 | D:4      | Reached XP level 7. HP: 36/36 MP: 13/18
  3683 | D:5      | Entered Level 5 of the Dungeon
  3784 | D:5      | Found a staircase to the Ecumenical Temple.
  3803 | D:5      | Slain by an ogre

Vault maps used:
D:1:      dpeg_arrival_brainrot, minmay_tromino_i2
D:2:      first_ration
D:3:      nicolae_ashenzari_panopticon
D:4:      uniq_ijyb
D:5:      minmay_temple_entry_mist

Skill      XL: |  1  2  3  4  5  6 |
---------------+-------------------+-----
Conjurations   | 5 6 7 8 |  8.4
Spellcasting   | 4 5 6 |  6.5
Dodging        | |  2.6
Stealth        | |  2.5

Action                   |  1- 3 |  4- 6 |  7- 9 || total
-------------------------+-------+-------+-------++-------
Melee: Dagger            |    29 |     2 |       ||    31
       Short sword       |       |     9 |       ||     9
 Cast: Magic Dart        |    82 |    63 |     9 ||   154
       Searing Ray       |     5 |    14 |     5 ||    24
       Iskenderun's Myst |       |     9 |     5 ||    14
  Use: Scroll            |     3 |     8 |     2 ||    13
  Eat: Chunk             |     2 |     7 |     1 ||    10
Armor: Leather armour    |     9 |    10 |     4 ||    23
Dodge: Dodged            |    24 |    15 |     4 ||    43

Table legend:
 A = Spawn XP
 B = Non-spawn XP
 C = Spawn XP percentage of total XP
 D = Spawn monster count
 E = Non-spawn monster count
 F = Spawn count percentage of total count
 G = Total turns spent on level
                    A         B        C        D         E        F      G
               +---------+---------+-------+---------+---------+-------+---------
         Total |       0 |     946 |   0.0 |       0 |     104 |   0.0 |  3803
               +---------+---------+-------+---------+---------+-------+---------
           D:1 |       0 |      57 |   0.0 |       0 |      31 |   0.0 |   922
           D:2 |       0 |      42 |   0.0 |       0 |      19 |   0.0 |   726
           D:3 |       0 |     218 |   0.0 |       0 |      24 |   0.0 |   925
           D:4 |       0 |     531 |   0.0 |       0 |      25 |   0.0 |  1189
           D:5 |       0 |      98 |   0.0 |       0 |       5 |   0.0 |    41
               +---------+---------+-------+---------+---------+-------+---------
